 Dungeon Crawl Stone Soup version 0.30-a0-672-gc3a7216ad8 (webtiles) character file.

Game seed: 9299791859500982081

179 HoaS the Shooter (level 5, 0/30 HPs)
             Began as a Gargoyle Hunter on Jan 18, 2023.
             Slain by an iguana (10 damage)
             ... on level 3 of the Dungeon.
             The game lasted 00:05:17 (2374 turns).

HoaS the Shooter (Gargoyle Hunter)                  Turns: 2374, Time: 00:05:18

Health: 0/30       AC:  7    Str: 14    XL:     5   Next: 59%
Magic:  5/5        EV: 11    Int: 10    God:
Gold:   181        SH:  0    Dex: 15    Spells: 4/4 levels left

rFire   . . .      SeeInvis .    a - +0 shortbow
rCold   . . .      Faith    .    (shield currently unavailable)
rNeg    + . .      Spirit   .    c - +0 leather armour
rPois   ∞          Reflect  .    (no helmet)
rElec   +          Harm     .    (no cloak)
rCorr   .          Rampage  .    (no gloves)
Will    .....                    (no boots)
Stlth   ++                       (no amulet)
HPRegen 0.25/turn                (no ring)
MPRegen 0.09/turn                (no ring)

@: no status effects
A: sickness immunity, AC +4, negative energy resistance 1, electricity
resistance, torment resistance 1, petrification resistance
a: no special abilities


You were on level 3 of the Dungeon.
You visited 1 branch of the dungeon, and saw 3 of its levels.

You collected 181 gold pieces.

Inventory:

Hand Weapons
 a - a +0 shortbow (weapon)
Armour
 c - a +0 leather armour (worn)
Wands
 g - a wand of iceblast (8)
Scrolls
 b - a scroll of immolation
Potions
 d - a potion of cancellation {unknown}
 f - 3 potions of lignification
 h - 2 potions of curing
 j - a potion of attraction
 k - a potion of heal wounds


   Skills:
 - Level 2.1 Fighting
 + Level 6.7 Ranged Weapons
 - Level 1.5 Dodging
 - Level 1.1 Stealth


You had 4 spell levels left.
You didn't know any spells.
Your spell library contained the following spells:

 Spells                   Type           Power      Damage    Failure   Level
 Apportation              Tloc           0%         N/A       43%         1
 Necrotise                Necr           0%         1d4       43%         1
 Summon Small Mammal      Summ           0%         N/A       43%         1
 Alistair's Intoxication  Tmut/Pois      0%         N/A       100%        5
 Borgnjor's Vile Clutch   Necr/Erth      0%         N/A       100%        5
 Eringya's Noxious Bog    Tmut/Pois      0%         N/A       100%        6


Dungeon Overview and Level Annotations

Branches:
Dungeon (3/15)

Altars:

Shops:
D:1 (


Innate Abilities, Weirdness & Mutations

You are immune to sickness and miasma.
Your stone body is resilient. (AC +4)
You are immune to poison.
You resist negative energy. (rN+)
You are resistant to electric shocks. (rElec)
You are resistant to unholy torment.
You are immune to petrification.


Message History

You climb upwards.
There is a stone staircase leading down here.
You shoot an arrow. The arrow closely misses the adder.
The adder bites you but does no damage. The adder misses you.
You shoot an arrow.
The arrow hits the adder but does no damage.
The adder bites you but does no damage.
You shoot an arrow. The arrow hits the adder!
The adder is almost dead.
The adder bites you but does no damage. The adder closely misses you.
You shoot an arrow. The arrow hits the adder.
You kill the adder!
No target in view!
No target in view!
You climb downwards.
There is a stone staircase leading up here.
No target in view!
No target in view!
You shoot an arrow. The arrow hits the iguana.
The iguana is lightly wounded.
You shoot an arrow. The arrow completely misses the iguana.
The iguana barely misses you.
You shoot an arrow. The arrow closely misses the iguana.
The iguana barely misses you.
You shoot an arrow. The arrow hits the iguana.
The iguana is lightly wounded.
The iguana barely misses you.
You shoot an arrow.
The arrow hits the iguana but does no damage.
The iguana is lightly wounded.
The iguana closely misses you. The iguana bites you!
You shoot an arrow. The arrow hits the iguana.
The iguana is moderately wounded.
The iguana bites you.
You shoot an arrow. The arrow hits the iguana.
The iguana is moderately wounded.
The iguana bites you.
You shoot an arrow. The arrow barely misses the iguana.
The iguana bites you.
You shoot an arrow. The arrow closely misses the iguana.
The iguana bites you!
You die...

##.#>...........## #.##
###...............# #.#
......†...........# ##.#
##...##...........*##..#
#.#####.........#*#..##
##.###,,....#....# #.##
.....,.###...#.#.# #.#
...##,.......#.#<###.#
.....,.........#@##..#
..###,..........l...##
..###........##...#####*
...)....$..............#
....#...!..............#
.........../.#......####
##.##.....l..###..###
*.#*,.......,,..##
*,.*,.......*,...********


You could see an iguana.

Vanquished Creatures
  A jelly (D:2)
  An orc wizard (D:2)
  4 adders
  An ufetubus (D:2)
  2 worms
  6 dart slugs
  4 orcs (D:2)
  3 bats
  2 endoplasms
  6 giant cockroaches
  10 goblins
  5 hobgoblins
  2 jackals (D:1)
  A quokka (D:2)
  3 ball pythons
  6 kobolds
  4 rats
61 creatures vanquished.

Vanquished Creatures (others)
  2 fungi (D:1)
  4 plants (D:1)
6 creatures vanquished.

Grand Total: 67 creatures vanquished

Notes
Turn   | Place    | Note
-------+----------+-------------------------------------------
     0 | D:1      | HoaS the Gargoyle Hunter began the quest for the Orb.
     0 | D:1      | Reached XP level 1. HP: 12/12 MP: 1/1
    81 | D:1      | Reached XP level 2. HP: 17/17 MP: 2/2
   376 | D:1      | Reached XP level 3. HP: 21/21 MP: 3/3
   428 | D:1      | Found Vaotsome's Weapon Boutique.
   441 | D:1      | Reached skill level 5 in Ranged Weapons
   837 | D:1      | Found a faded altar of an unknown god.
  1670 | D:2      | Reached XP level 4. HP: 26/26 MP: 4/4
  1945 | D:2      | Reached skill level 6 in Ranged Weapons
  2019 | D:2      | Reached XP level 5. HP: 16/30 MP: 5/5
  2374 | D:3      | Slain by an iguana

Illustrated notes

Levels and vault maps discovered:
D:1:      denvon_arrival_planthouse, layout_basic,
          shapermc_ecumenical_altar_petra, serial_shops,
          nicolae_shop_hallway_plus
D:2:      layout_basic, chequers_serial_rivers_micro_a, interstate_on_off
D:3:      layout_rooms

Skill      XL: |  1  2  3  4 |
---------------+-------------+-----
Ranged Weapons | 5 6 |  6.7
Fighting       | |  2.1
Dodging        | |  1.5
Stealth        | |  1.1

Action                   |  1- 3 |  4- 6 || total
-------------------------+-------+-------++-------
 Fire: Shortbow          |   104 |   119 ||   223
  Use: Scroll            |     8 |     4 ||    12
Armor: Leather armour    |     6 |    44 ||    50
Dodge: Dodged            |     7 |    74 ||    81

Table legend: (Time is in decaauts)
 A = Elapsed time spent in this place.
 B = Non-inter-level travel time spent in this place.
 C = Inter-level travel time spent in this place.
 D = Time resting spent in this place.
 E = Time spent auto-exploring this place.
 F = Levels seen in this place.
 G = Mean time per level.
                   A        B        C        D        E       F      G
               +--------+--------+--------+--------+--------+-----+--------+
         Total |   2441 |   2327 |    114 |    268 |   1566 |   3 |  813.7 |
       Dungeon |   2441 |   2327 |    114 |    268 |   1566 |   3 |  813.7 |
               +--------+--------+--------+--------+--------+-----+--------+

Top non-repeatable levels by time:
     D:2: 1199 daAuts
     D:1: 974 daAuts
     D:3: 267 daAuts
